PCL
HOUSTON HAMMERTIME @ DISTRICT 9 PRAWNS
06/02/2027
 
TOP OF THE 1ST
Houston Hammertime batting - Pitching for District 9 Prawns : LHP Pedro Valdés
Pitching: LHP Pedro Valdés
Batting: RHB George Reeves 0-0: Called Strike
0-1: Called Strike
0-2: Ball
1-2: Foul Ball, location: 2F
1-2: Strikes out swinging
Batting: RHB David Hernández 0-0: Ball
1-0: Called Strike
1-1: Called Strike
1-2: Fly out, F9 (Line Drive, 89M)
Batting: LHB Juan Cabańas 0-0: Ball
1-0: Fly out, F8 (Line Drive, 8RM)
Top of the 1st over - 0 run(s), 0 hit(s), 0 error(s), 0 left on base; Houston 0 - District 9 0
BOTTOM OF THE 1ST
District 9 Prawns batting - Pitching for Houston Hammertime : RHP Kevin Bader
Pitching: RHP Kevin Bader
Batting: RHB Ron Glass 0-0: Called Strike
0-1: Swinging Strike
0-2: Fly out, F7 (Flyball, 7)
Batting: RHB José Colón 0-0: Ball
1-0: SINGLE (Line Drive, 6D)
Batting: RHB Eduardo García 0-0: Ball
1-0: Foul Ball, location: 2F
1-1: Fielders Choice at 2nd, 1-4 (Groundball, 15S)
Batting: LHB José Flores 0-0: Called Strike
0-1: Foul Ball, location: 2F
0-2: Ball
1-2: Strikes out swinging
Bottom of the 1st over - 0 run(s), 1 hit(s), 0 error(s), 1 left on base; Houston 0 - District 9 0
TOP OF THE 2ND
Houston Hammertime batting - Pitching for District 9 Prawns : LHP Pedro Valdés
Batting: LHB Pat Jones 0-0: Called Strike
0-1: Foul Ball, location: 2F
0-2: Ball
1-2: Foul Ball, location: 2F
1-2: Ground out 4-3 (Groundball, 34)
Batting: LHB Bill Murphy 0-0: Ball
1-0: Called Strike
1-1: SINGLE (Groundball, 56D)
Batting: RHB Dan Mason 0-0: Swinging Strike
0-1: Called Strike
0-2: Strikes out looking
Batting: RHB Alberto Chávez 0-0: Ball
1-0: Foul Ball, location: 2F
1-1: Ball
2-1: Called Strike
2-2: Foul Ball, location: 2F
2-2: Strikes out swinging
Top of the 2nd over - 0 run(s), 1 hit(s), 0 error(s), 1 left on base; Houston 0 - District 9 0
BOTTOM OF THE 2ND
District 9 Prawns batting - Pitching for Houston Hammertime : RHP Kevin Bader
Batting: SHB Rick Turner 0-0: Ball
1-0: Called Strike
1-1: Ground out 4-3 (Groundball, 34D)
Batting: LHB Tommy Payne 0-0: Foul Ball, location: 2F
0-1: Foul Ball, location: 2F
0-2: Ball
1-2: Fly out, F8 (Flyball, 8LM)
Batting: RHB Edgardo Carrasco 0-0: Ball
1-0: Called Strike
1-1: SINGLE (Groundball, 56S) (infield hit)
Pinch Runner at 1st Carlos Flores:
Batting: RHB Boyd Pittman 0-0: Swinging Strike
0-1: Foul Ball, location: 2F
0-2: Ball
1-2: Ball
2-2: Ball
3-2: Strikes out swinging
Bottom of the 2nd over - 0 run(s), 1 hit(s), 0 error(s), 1 left on base; Houston 0 - District 9 0
TOP OF THE 3RD
Houston Hammertime batting - Pitching for District 9 Prawns : LHP Pedro Valdés
Now at C: Carlos Flores
Batting: LHB Fernando Camacho 0-0: Ball
1-0: Ball
2-0: Called Strike
2-1: Foul Ball, location: 2F
2-2: Ball
3-2: Fly out, F7 (Flyball, 7D)
Batting: RHB Pedro Meza 0-0: Swinging Strike
0-1: TRIPLE (Flyball, 7)
Batting: RHB George Reeves 0-0: Ball
1-0: Foul Ball, location: 2F
1-1: Ball
2-1: Swinging Strike
2-2: Ball
3-2: Strikes out swinging
Batting: RHB David Hernández 0-0: Called Strike
0-1: SINGLE (Groundball, 56S) (infield hit)
Pedro Meza scores
Batting: LHB Juan Cabańas 0-0: Ball
1-0: Called Strike
1-1: Ball
2-1: Ball
3-1: Called Strike
3-2: Base on Balls
David Hernández to second
Batting: LHB Pat Jones 0-0: Ball
1-0: Swinging Strike
1-1: Called Strike
1-2: Ball
2-2: DOUBLE (Groundball, 3L)
David Hernández scores
Juan Cabańas to third
Batting: LHB Bill Murphy 0-0: Called Strike
0-1: Ground out 3-1 (Groundball, 34)
Top of the 3rd over - 2 run(s), 3 hit(s), 0 error(s), 2 left on base; Houston 2 - District 9 0
BOTTOM OF THE 3RD
District 9 Prawns batting - Pitching for Houston Hammertime : RHP Kevin Bader
Batting: RHB Alfredo Rangel 0-0: Ball
1-0: Called Strike
1-1: Ball
2-1: Ball
3-1: Foul Ball, location: 2F
3-2: Strikes out swinging
Batting: RHB Ron Glass 0-0: Ball
1-0: Ball
2-0: Called Strike
2-1: Ball
3-1: SOLO HOME RUN (Flyball, 78XD), Distance : 424 ft
Batting: RHB José Colón 0-0: Called Strike
0-1: Ground out 6-3 (Groundball, 6)
Batting: RHB Eduardo García 0-0: Fly out, F9 (Line Drive, 89M)
Bottom of the 3rd over - 1 run(s), 1 hit(s), 0 error(s), 0 left on base; Houston 2 - District 9 1
TOP OF THE 4TH
Houston Hammertime batting - Pitching for District 9 Prawns : LHP Pedro Valdés
Batting: RHB Dan Mason 0-0: Fly out, F8 (Flyball, 8RXD)
Batting: RHB Alberto Chávez 0-0: Ball
1-0: Ball
2-0: Ground out 6-3 (Groundball, 6)
Batting: LHB Fernando Camacho 0-0: Foul Ball, location: 2F
0-1: Ball
1-1: Swinging Strike
1-2: Ground out 6-3 (Groundball, 6)
Top of the 4th over - 0 run(s), 0 hit(s), 0 error(s), 0 left on base; Houston 2 - District 9 1
BOTTOM OF THE 4TH
District 9 Prawns batting - Pitching for Houston Hammertime : RHP Kevin Bader
Batting: LHB José Flores 0-0: Ball
1-0: Swinging Strike
1-1: Swinging Strike
1-2: Ball
2-2: Ball
3-2: Strikes out swinging
Batting: SHB Rick Turner 0-0: Ball
1-0: Ball
2-0: Ball
3-0: Swinging Strike
3-1: Base on Balls
Batting: LHB Tommy Payne 0-0: Ball
1-0: Called Strike
1-1: Called Strike
1-2: Foul Ball, location: 2F
1-2: Ball
2-2: Strikes out swinging
Batting: RHB Carlos Flores 0-0: Ball
1-0: Ball
2-0: Ball
3-0: Base on Balls
Rick Turner to second
Batting: RHB Boyd Pittman 0-0: Ball
1-0: Ball
2-0: Called Strike
2-1: Fly out, F6 (Popup, 6D)
Bottom of the 4th over - 0 run(s), 0 hit(s), 0 error(s), 2 left on base; Houston 2 - District 9 1
TOP OF THE 5TH
Houston Hammertime batting - Pitching for District 9 Prawns : LHP Pedro Valdés
Batting: RHB Pedro Meza 0-0: DOUBLE (Line Drive, 7LD)
Batting: RHB George Reeves 0-0: Ball
1-0: Ball
2-0: SINGLE (Groundball, 6MD)
Pedro Meza to third
Batting: RHB David Hernández 0-0: Called Strike
0-1: Ball
1-1: Ball
2-1: Grounds into double play, 4-6-3 (Groundball, 4)
Pedro Meza scores
Batting: LHB Juan Cabańas 0-0: Foul Ball, location: 2F
0-1: Ball
1-1: Swinging Strike
1-2: Foul Ball, location: 2F
1-2: Foul Ball, location: 2F
1-2: Ball
2-2: Ball
3-2: Fly out, F1 (Popup, 13)
Top of the 5th over - 1 run(s), 2 hit(s), 0 error(s), 0 left on base; Houston 3 - District 9 1
BOTTOM OF THE 5TH
District 9 Prawns batting - Pitching for Houston Hammertime : RHP Kevin Bader
Batting: RHB Alfredo Rangel 0-0: Called Strike
0-1: Foul Ball, location: 2F
0-2: Ball
1-2: Ball
2-2: Strikes out looking
Batting: RHB Ron Glass 0-0: Foul Ball, location: 2F
0-1: Ball
1-1: Fly out, F5 (Popup, 56S)
Batting: RHB José Colón 0-0: Ball
1-0: Ball
2-0: Ball
3-0: Called Strike
3-1: SINGLE (Groundball, 6MD)
Batting: RHB Eduardo García 0-0: Fly out, F8 (Line Drive, 8RXD)
Bottom of the 5th over - 0 run(s), 1 hit(s), 0 error(s), 1 left on base; Houston 3 - District 9 1
TOP OF THE 6TH
Houston Hammertime batting - Pitching for District 9 Prawns : LHP Pedro Valdés
Batting: LHB Pat Jones 0-0: Foul Ball, location: 2F
0-1: Ball
1-1: Foul Ball, location: 2F
1-2: Strikes out swinging
Batting: LHB Bill Murphy 0-0: Ball
1-0: Foul Ball, location: 2F
1-1: Called Strike
1-2: Strikes out swinging
Batting: RHB Dan Mason 0-0: Called Strike
0-1: Called Strike
0-2: Foul Ball, location: 2F
0-2: Ball
1-2: Ball
2-2: Strikes out swinging
Top of the 6th over - 0 run(s), 0 hit(s), 0 error(s), 0 left on base; Houston 3 - District 9 1
BOTTOM OF THE 6TH
District 9 Prawns batting - Pitching for Houston Hammertime : RHP Kevin Bader
Batting: LHB José Flores 0-0: Ball
1-0: Called Strike
1-1: Fly out, F7 (Flyball, 7)
Batting: SHB Rick Turner 0-0: Foul Ball, location: 2F
0-1: Fly out, F9 (Flyball, 9D)
Batting: LHB Tommy Payne 0-0: Fly out, F8 (Flyball, 8RS)
Bottom of the 6th over - 0 run(s), 0 hit(s), 0 error(s), 0 left on base; Houston 3 - District 9 1
TOP OF THE 7TH
Houston Hammertime batting - Pitching for District 9 Prawns : LHP Pedro Valdés
Pitching: RHP José Huerta
Batting: RHB Alberto Chávez 0-0: Ball
1-0: Called Strike
1-1: Ball
2-1: Ball
3-1: Foul Ball, location: 2F
3-2: Foul Ball, location: 2F
3-2: Base on Balls
Batting: LHB Fernando Camacho 0-0: Ball
1-0: Sac Bunt - play at first, batter OUT! 2-4
Alberto Chávez to second
Batting: RHB Pedro Meza 0-0: Ball
1-0: Called Strike
1-1: Fly out, F8 (Flyball, 8LS)
Batting: RHB George Reeves 0-0: Ball
1-0: Foul Ball, location: 2F
1-1: Swinging Strike
1-2: Foul Ball, location: 2F
1-2: Foul Ball, location: 2F
1-2: Foul Ball, location: 2F
1-2: Fly out, F4 (Popup, 4M)
Top of the 7th over - 0 run(s), 0 hit(s), 0 error(s), 1 left on base; Houston 3 - District 9 1
BOTTOM OF THE 7TH
District 9 Prawns batting - Pitching for Houston Hammertime : RHP Kevin Bader
Batting: RHB Carlos Flores 0-0: Ground out 5-3 (Groundball, 5)
Batting: RHB Boyd Pittman 0-0: Fly out, F9 (Flyball, 9)
Batting: RHB Alfredo Rangel 0-0: Foul Ball, location: 2F
0-1: Ball
1-1: Ground out 5-3 (Groundball, 2L)
Bottom of the 7th over - 0 run(s), 0 hit(s), 0 error(s), 0 left on base; Houston 3 - District 9 1
TOP OF THE 8TH
Houston Hammertime batting - Pitching for District 9 Prawns : RHP José Huerta
Batting: RHB David Hernández 0-0: Ball
1-0: Ground out 5-3 (Groundball, 25)
Batting: LHB Juan Cabańas 0-0: Called Strike
0-1: Swinging Strike
0-2: Ball
1-2: SOLO HOME RUN (Flyball, 89XD), Distance : 425 ft
Pitching: RHP Clayton Hawkins
Batting: LHB Pat Jones 0-0: Called Strike
0-1: Ball
1-1: Ball
2-1: DOUBLE (Line Drive, 9LM)
Batting: LHB Bill Murphy 0-0: Ball
1-0: Foul Ball, location: 2F
1-1: Ball
2-1: Ball
3-1: DOUBLE (Line Drive, 89XD)
Pat Jones scores
Batting: RHB Dan Mason 0-0: Ball
1-0: Ball
2-0: Ball
3-0: Called Strike
3-1: Foul Ball, location: 2F
3-2: SINGLE (Flyball, 9LS) - OUT at second base trying to stretch hit.
Bill Murphy scores
Pitching: RHP Jeff Townsend
Batting: RHB Alberto Chávez 0-0: Ball
1-0: Called Strike
1-1: Ball
2-1: Foul Ball, location: 2F
2-2: Foul Ball, location: 2F
2-2: Ball
3-2: Fly out, F8 (Flyball, 8RM)
Top of the 8th over - 3 run(s), 4 hit(s), 0 error(s), 0 left on base; Houston 6 - District 9 1
BOTTOM OF THE 8TH
District 9 Prawns batting - Pitching for Houston Hammertime : RHP Kevin Bader
Pitching: RHP José Ortíz
Batting: RHB Ron Glass 0-0: Ball
1-0: Called Strike
1-1: Swinging Strike
1-2: Strikes out swinging
Batting: RHB José Colón 0-0: Foul Ball, location: 2F
0-1: Foul Ball, location: 2F
0-2: Foul Ball, location: 2F
0-2: Ball
1-2: Ball
2-2: Foul Ball, location: 2F
2-2: Ball
3-2: Foul Ball, location: 2F
3-2: Foul Ball, location: 2F
3-2: Fly out, F8 (Flyball, 8RM)
Batting: RHB Eduardo García 0-0: Ball
1-0: Called Strike
1-1: Called Strike
1-2: Strikes out swinging
Bottom of the 8th over - 0 run(s), 0 hit(s), 0 error(s), 0 left on base; Houston 6 - District 9 1
TOP OF THE 9TH
Houston Hammertime batting - Pitching for District 9 Prawns : RHP Jeff Townsend
Pitching: RHP Ignacio Morales
Batting: LHB Fernando Camacho 0-0: Ball
1-0: Ball
2-0: Ball
3-0: Base on Balls
Batting: RHB Pedro Meza 0-0: Foul Ball, location: 2F
0-1: Called Strike
0-2: Ball
1-2: Ball
Wild Pitch!
Fernando Camacho to second
2-2: Strikes out swinging
Batting: RHB George Reeves 0-0: Ball
1-0: Fly out, F4 (Popup, 34D)
Batting: RHB David Hernández 0-0: Ball
1-0: Ball
2-0: 2-RUN HOME RUN (Flyball, 78XD), Distance : 428 ft
Batting: LHB Juan Cabańas 0-0: Ball
1-0: Fly out, F9 (Line Drive, 89D)
Top of the 9th over - 2 run(s), 1 hit(s), 0 error(s), 0 left on base; Houston 8 - District 9 1
BOTTOM OF THE 9TH
District 9 Prawns batting - Pitching for Houston Hammertime : RHP José Ortíz
Now at 1B: Domingo Matos
Now at 3B: Richard Bowman
Batting: LHB José Flores 0-0: Ball
1-0: Called Strike
1-1: Foul Ball, location: 2F
1-2: Strikes out swinging
Batting: SHB Rick Turner 0-0: Swinging Strike
0-1: Foul Ball, location: 2F
0-2: Ball
1-2: Foul Ball, location: 2F
1-2: Ball
2-2: Foul Ball, location: 2F
2-2: Ground out 4-3 (Groundball, 4)
Batting: LHB Tommy Payne 0-0: Swinging Strike
0-1: Foul Ball, location: 2F
0-2: Ball
1-2: Strikes out swinging
Bottom of the 9th over - 0 run(s), 0 hit(s), 0 error(s), 0 left on base; Houston 8 - District 9 1
Thursday, March 30th, 2017 - OOTP Baseball 17.12 Build 75